 Dungeon Crawl Stone Soup version 0.32-a0-589-g2d1f746d5d (webtiles) character file.

Game seed: 10650097879929606051

10456 Goblin1989 the Grappler (level 11, -3/88 HPs)
             Began as a Black Draconian Shapeshifter on Mar 2, 2024.
             Was a High Priest of Cheibriados.
             Slain by a six-headed hydra (8 damage)
             ... on level 2 of the Lair of Beasts.
             The game lasted 00:32:50 (12058 turns).

Goblin1989 the Grappler (DrSh)                     Turns: 12058, Time: 00:32:51

Health: -3/88      AC:  7    Str: 33    XL:     11   Next: 36%
Magic:  14/14      EV: 15    Int: 25    God:    Cheibriados [*****.]
Gold:   360        SH:  0    Dex: 22    Spells: 10/10 levels left

rFire   . .          .
                       - Unarmed
rCold   . . .        (shield currently unavailable)
rNeg    . . .        (body armour unavailable)
rPois   +            (helmet currently unavailable)
rElec   .            (cloak currently unavailable)
rCorr   .            (gloves currently unavailable)
SInv    +            (boots currently unavailable)
Will    .....        f - amulet of faith {!P}
Stlth   ++           C - ring of see invisible
HPRegen 0.34/turn    (no ring)
MPRegen 0.14/turn

%: faith
@: snake-form, very slow
A: constrict, reduced hp, (galvanic breath), AC +7, large, unfitting armour,
(electricity resistance), (cold-blooded)
a: Begin Untransformation, Renounce Religion, Bend Time, Temporal Distortion,
Slouch, Step From Time


You were on level 2 of the Lair of Beasts.
You worshipped Cheibriados.
Cheibriados was extremely pleased with you.
You were an enormous serpent.
You visited 3 branches of the dungeon, and saw 12 of its levels.
You also visited: Ossuary.

You collected 529 gold pieces.
You spent 169 gold pieces at shops.

Inventory:

Missiles
 B - 15 poisoned darts (quivered)
 F - 2 throwing nets {!d , @Q1}
 I - 4 boomerangs {@Q3}
Jewellery
 e - an amulet of reflection
 f - an amulet of faith (around neck) {!P}
 C - a ring of see invisible (left hand)
Talismans
 b - a beast talisman
 y - a serpent talisman (active)
 S - a blade talisman
Wands
 x - a wand of polymorph (4)
 H - a wand of paralysis (19) {@v2}
 L - a wand of flame (14) {@v1}
 N - a wand of digging (4) {@v3}
 O - a wand of light (4)
 R - a wand of warping (7)
Scrolls
 g - 2 scrolls of teleportation {!r, @r2}
 i - a scroll of torment
 m - 2 scrolls of fog
 t - a scroll of enchant armour
 z - 2 scrolls of immolation
 D - a scroll of vulnerability
 G - a scroll of silence {unknown}
 J - a scroll of blinking {unknown}
 P - a scroll of acquirement {unknown}
 Q - a scroll of enchant weapon
Potions
 a - 4 potions of lignification
 j - 4 potions of curing {@q1}
 k - a potion of cancellation
 n - 2 potions of brilliance
 o - 2 potions of mutation {!q}
 p - 2 potions of berserk rage
 q - 2 potions of enlightenment
 u - 3 potions of heal wounds {@q2}
 w - a potion of might {@q4}
 E - a potion of magic
 K - a potion of invisibility
 M - a potion of ambrosia


   Skills:
 + Level 8.6 Fighting
 - Level 3.0 Throwing
 + Level 7.3 Dodging
 - Level 0.1 Stealth
 - Level 0.1 Shields
 - Level 11.0 Unarmed Combat
 * Level 5.0 Invocations
 + Level 7.7 Shapeshifting


You had 10 spell levels left.
You didn't know any spells.
Your spell library contained the following spells:

 Spells                   Type           Power      Damage    Failure   Level
 Magic Dart               Conj           0%         1d3       14%         1
 Necrotise                Necr           0%         1d4       14%         1
 Blink                    Tloc           0%         N/A       21%         2
 Call Imp                 Summ           0%         N/A       21%         2
 Lesser Beckoning         Tloc           0%         N/A       21%         2
 Momentum Strike          Conj/Tloc      0%         3d8       21%         2
 Static Discharge         Conj/Air       0%         3-3/arc   21%         2
 Gell's Gravitas          Tloc           0%         N/A       38%         3
 Teleport Other           Tloc           0%         N/A       38%         3
 Vampiric Draining        Necr           0%         2d6       38%         3
 Airstrike                Air            0%         2d(0-16)  80%         4
 Fulminant Prism          Conj/Alch      0%         3d5       80%         4
 Martyr's Knell           Necr/Summ      0%         N/A       80%         4
 Summon Lightning Spire   Summ/Air       0%         N/A       80%         4
 Curse of Agony           Necr           0%         N/A       98%         5
 Fire Storm               Conj/Fire      0%         5d1       100%        9


Dungeon Overview and Level Annotations

Branches:
Dungeon (9/15) Zot: 34518  Temple (1/1) D:7 Zot: 8955    Lair (2/5) D:9 Zot: 15982
  Swamp (0/4) Lair:2       Spider (0/4) Lair:2          Orc (0/2) D:9
Ossuary (visited)

Altars:
Ashenzari
Cheibriados
Dithmenos
Elyvilon
Fedhas
Gozag
Hepliaklqana
Kikubaaqudgha
Makhleb
Nemelex Xobeh
Okawaru
Qazlal
Ru
Sif Muna
Trog
Uskayaw
Vehumet
Wu Jian
Xom
Yredelemnul
Zin
The Shining One

Shops:
D:4 [   D:8 ?   D:9 =

Annotations:
D:4 2 transporters, noobster's ghost, amateur MiFi
Temple 2 transporters


Innate Abilities, Weirdness & Mutations

You are an enormous serpent.
You have a powerful constriction melee attack.
Your maximum health is decreased, since you lack skill for your form.
Your armour is entirely melded.
You are incapable of wielding weapons or throwing items.
((You can breathe arcing electricity.))
((Your glossy black scales are hard. (AC +7)))
You cannot fit into any form of body armour.
((You are resistant to electric shocks. (rElec)))
((You are cold-blooded and may be slowed by cold attacks.))


Message History

You now have 360 gold pieces (gained 16).
A bog body comes into view.
Found a staircase to the Swamp.
Health restored: 87 The bog body gestures at you while chanting.
The bolt of cold hits you!
You hear a loud, deep croak!
You take 15 damage, and have 72/87 hp.
The bog body casts a spell at you.
You feel yourself slow down.
You hear the rumble of a distant avalanche of rocks.
You hear the beating of a very distant drum.
The bog body barely misses you. The bog body misses you.
You body-slam the bog body!!
You grab the bog body.
The bog body is severely damaged.
You constrict the bog body.
The bog body gestures at you while chanting.
You feel as though you will be slow longer.
You body-slam the bog body!!
You destroy the bog body!
Cheibriados appreciates the change of pace.
You can now step out of the flow of time.
Cheibriados raises the support of your attributes as your movement slows.
You see here a bog body corpse.
You start resting.
HP restored.
Health restored: 88 You start waiting.
You hear the rumble of a distant avalanche of rocks.
You hear the loud beating of a very distant drum.
You start waiting.
You feel yourself speed up.
You see here a bog body corpse.
You enter the shallow water.
Found a halberd.
A bullfrog comes into view.
The bullfrog croaks.
The bullfrog barely misses you. The bullfrog completely misses you.
You body-slam the bullfrog!!
You kill the bullfrog!
Cheibriados appreciates the change of pace.
Your Invocations skill increases to level 5!
No target in view!
No target in view!
A yak comes into view.
You hear the brisk rumble of an avalanche of rocks nearby.
You hear the loud beating of a distant drum.
No reachable target in view!
A six-headed hydra comes into view.
The six-headed hydra roars!
You hit the six-headed hydra.
The six-headed hydra is lightly wounded.
The six-headed hydra bites you. The six-headed hydra bites you! x2
The six-headed hydra barely misses you. The six-headed hydra bites you.
The six-headed hydra barely misses you.
You take 31 damage, and have 57/88 hp.
MASSIVE DAMAGE!!
You hit the six-headed hydra.
The six-headed hydra is lightly wounded.
The six-headed hydra closely misses you.
The six-headed hydra bites you.
The six-headed hydra completely misses you. x2
The six-headed hydra bites you. The six-headed hydra barely misses you.
You take 8 damage, and have 49/88 hp.
You barely miss the six-headed hydra.
The six-headed hydra is lightly wounded.
The six-headed hydra bites you!
* * * LOW HITPOINT WARNING * * *
The six-headed hydra bites you but does no damage.
The six-headed hydra bites you.
* * * LOW HITPOINT WARNING * * *
The six-headed hydra closely misses you.
The six-headed hydra barely misses you.
The six-headed hydra bites you but does no damage.
You take 16 damage, and have 33/88 hp.
You body-slam the six-headed hydra!!
The six-headed hydra is heavily wounded.
You lash the six-headed hydra!
The six-headed hydra is severely wounded.
The six-headed hydra misses you.
The six-headed hydra bites you but does no damage.
The six-headed hydra barely misses you. The six-headed hydra bites you!
* * * LOW HITPOINT WARNING * * *
The six-headed hydra bites you but does no damage.
The six-headed hydra closely misses you.
You take 8 damage, and have 25/88 hp.
You barely miss the six-headed hydra.
The six-headed hydra is severely wounded.
The six-headed hydra barely misses you. The six-headed hydra bites you!
* * * LOW HITPOINT WARNING * * *
The six-headed hydra bites you!
* * * LOW HITPOINT WARNING * * *
The six-headed hydra misses you. x2
The six-headed hydra bites you but does no damage.
You take 21 damage, and have 4/88 hp.
MASSIVE DAMAGE!!
Unknown command.
You hit the six-headed hydra.
The six-headed hydra is severely wounded.
The six-headed hydra bites you!
You die...
Cheibriados appreciates the motionlessness of death.

........†......§~♣........
......█.██..█.§♣§~~§....P
....†P███████.♣§>§~§....▲ .
...▲..█ █.§§§§§§....█..
...█..█ █..§~♣.........
...█..██ █..█...§......P.P
█......█ ██P██.§.██...▲█.█
..<..███ ██ █.......)...█
.....█ ████S..█...P..▲
.....█.█.████P.█D..████P...
..†...............██ ..█
█.†...............█ Y
█.(...............█
~~...████P........█ ~.~~██
██........█ .~~██
█......... ~~~. █..........


You could see a six-headed hydra.

Vanquished Creatures
  A skyshark (Lair:1)
  A swamp dragon (Lair:1)
  A bog body (Lair:2)
  4 cane toads (Lair:1)
  2 komodo dragons
  A polar bear (Lair:2)
  A jumping spider (Lair:2)
  3 yaks
  4 wyverns (D:9)
  A redback (Lair:2)
  5 vampire mosquitoes (Lair:1)
  A basilisk (Lair:1)
  A steam dragon (D:9)
  2 acid dragons
  3 water moccasins
  2 swamp drakes (Lair:1)
  3 orc warriors
  2 ice beasts
  A black bear (D:6)
  2 ogres (D:5)
  4 wolves (Lair:1)
  5 elf zombies
  4 phantoms
  8 bullfrogs
  4 kobold brigands
  2 scorpions
  An elf skeleton (D:4)
  A killer bee (D:8)
  2 electric eels (Lair:1)
  A howler monkey (D:6)
  5 bombardier beetles
  3 centaur zombies (Ossuary)
  3 hounds
  4 orc priests
  Jessica (D:2)
  3 human zombies (Ossuary)
  6 iguanas
  7 orc wizards
  5 human skeletons (D:4)
  4 hell rats (Lair:1)
  A killer bee zombie (Ossuary)
  A bullfrog simulacrum (Ossuary)
  3 mummies (Ossuary)
  Robin (D:4)
  5 adders
  2 white imps
  4 ufetubi (D:6)
  29 orcs
  10 bats
  5 endoplasms
  5 giant cockroaches
  10 goblins
  11 hobgoblins
  5 jackals
  8 quokkas
  8 ball pythons
  3 frilled lizards
  9 kobolds
  3 orc skeletons (D:4)
  6 rats
243 creatures vanquished.

Vanquished Creatures (collateral kills)
  An orc warrior (D:8)
1 creature vanquished.

Grand Total: 244 creatures vanquished

Notes
Turn   | Place    | Note
-------+----------+-------------------------------------------
     0 | D:1      | Goblin1989 the Draconian Shapeshifter began the quest for
                  | the Orb.
     0 | D:1      | Reached XP level 1. HP: 16/16 MP: 1/1
   112 | D:1      | Reached XP level 2. HP: 23/23 MP: 2/2
   556 | D:1      | Reached XP level 3. HP: 29/29 MP: 3/3
  1031 | D:2      | Noticed Jessica
  1036 | D:2      | Killed Jessica
  1037 | D:2      | Reached XP level 4. HP: 36/36 MP: 4/4
  1063 | D:2      | Reached skill level 4 in Unarmed Combat
  1441 | D:3      | Found a faded altar of an unknown god.
  1796 | D:4      | Reached XP level 5. HP: 33/42 MP: 5/5
  1848 | D:4      | Found a shadowy altar of Dithmenos.
  1912 | D:4      | Reached XP level 6. HP: 32/51 MP: 6/6
  1921 | D:4      | Reached skill level 5 in Unarmed Combat
  1922 | D:4      | Found a sand-covered staircase.
  1969 | Ossuary  | Entered an ossuary
  2152 | Ossuary  | Your scales start taking on a glossy black colour.
  2152 | Ossuary  | Reached XP level 7. HP: 49/58 MP: 7/7
  2152 | Ossuary  | Gained mutation: You are resistant to electric shocks.
                  | (rElec) [Black Draconian growth]
  2267 | Ossuary  | Reached skill level 6 in Unarmed Combat
  2477 | D:4      | Noticed Robin
  2484 | D:4      | Killed Robin
  2552 | D:4      | Reached XP level 8. HP: 67/67 MP: 8/8
  2796 | D:4      | Found an ornate altar of the Wu Jian Council.
  2810 | D:4      | Found Qiyllost's Armour Shop.
  2914 | D:4      | Found a transporter.
  3142 | D:4      | Reached skill level 7 in Unarmed Combat
  3370 | D:4      | Noticed noobster's ghost (amateur MiFi)
  3371 | D:4      | Identified the +9 dire flail of Izxuhioc {vamp, rF+ Str+3
                  | Int+3}
  3374 | D:4      | Found a transporter.
  3540 | D:5      | Entered Level 5 of the Dungeon
  3550 | D:5      | You fall into a shaft and drop 3 floors!
  3723 | D:8      | Reached skill level 5 in Shapeshifting
  3782 | D:8      | Got the Atlas of Forces
  3783 | D:8      | Found a hazy altar of Hepliaklqana.
  3835 | D:8      | Reached skill level 5 in Fighting
  4069 | D:8      | Found Eji Koma's Magic Scroll Boutique.
  4582 | D:8      | Bought a scroll of fog for 52 gold pieces
  4582 | D:8      | Bought a scroll of identify for 26 gold pieces
  4582 | D:8      | Bought a scroll of vulnerability for 52 gold pieces
  4582 | D:8      | Bought a scroll of teleportation for 39 gold pieces
  4785 | D:9      | Found Qeidix's Jewellery Boutique.
  4786 | D:9      | Noticed a troll
  4894 | D:7      | Found a staircase to the Ecumenical Temple.
  4937 | D:7      | Found a hide-covered altar of Uskayaw.
  4997 | Temple   | Found a transporter.
  4997 | Temple   | Found a transporter.
  4997 | Temple   | Found a transporter.
  4997 | Temple   | Found a transporter.
  4997 | Temple   | Entered the Ecumenical Temple
  5014 | Temple   | Became a worshipper of Cheibriados the Contemplative
  5368 | D:7      | Reached skill level 5 in Dodging
  5368 | D:7      | Reached skill level 8 in Unarmed Combat
  5454 | D:7      | Reached XP level 9. HP: 75/75 MP: 9/9
  6675 | D:5      | Reached * piety under Cheibriados
  6902 | D:5      | Reached skill level 1 in Throwing
  7846 | D:6      | Reached ** piety under Cheibriados
  7847 | D:6      | Reached skill level 9 in Unarmed Combat
  8912 | D:8      | Reached XP level 10. HP: 45/84 MP: 10/10
  9294 | D:9      | Reached *** piety under Cheibriados
  9638 | D:9      | Reached skill level 10 in Unarmed Combat
  9949 | D:9      | Found a staircase to the Lair.
 10061 | D:9      | Found a staircase to the Orcish Mines.
 10148 | D:9      | Found a glowing golden altar of the Shining One.
 10257 | Lair:1   | Entered Level 1 of the Lair of Beasts
 10293 | Lair:1   | Noticed a cane toad
 10299 | Lair:1   | Killed a cane toad
 10300 | Lair:1   | Reached skill level 1 in Invocations
 10300 | Lair:1   | Noticed a cane toad
 10306 | Lair:1   | Killed a cane toad
 10493 | Lair:1   | Noticed a swamp dragon
 10747 | Lair:1   | Reached **** piety under Cheibriados
 10807 | Lair:1   | Noticed a cane toad
 10816 | Lair:1   | Killed a cane toad
 10982 | Lair:1   | Noticed a cane toad
 10989 | Lair:1   | Killed a cane toad
 11187 | Lair:1   | Reached skill level 11 in Unarmed Combat
 11187 | Lair:1   | Reached XP level 11. HP: 81/94 MP: 13/13
 11265 | Lair:1   | Noticed a skyshark
 11273 | Lair:1   | Killed a skyshark
 11471 | Lair:1   | Killed a swamp dragon
 11852 | Lair:2   | Found a hole to the Spider Nest.
 11976 | Lair:2   | Found a staircase to the Swamp.
 11976 | Lair:2   | Noticed a bog body
 11983 | Lair:2   | Killed a bog body
 11983 | Lair:2   | Reached ***** piety under Cheibriados
 12036 | Lair:2   | Reached skill level 5 in Invocations
 12046 | Lair:2   | Noticed a six-headed hydra
 12057 | Lair:2   | HP: 4/88 [six-headed hydra (10)]
 12058 | Lair:2   | Slain by a six-headed hydra

Illustrated notes

Levels and vault maps discovered:
D:1:      lightli_arrival_quake, layout_loops_ring, grunt_decor_clamped,
          minmay_pentomino_z2
D:2:      layout_rooms, uniq_jessica
D:3:      layout_basic, shapermc_ecumenical_altar_pompeii
D:4:      layout_basic, nicolae_wu_jian_glorious_leap,
          mainiacjoe_overflow_24_doors, gammafunk_ghost_smash, serial_shops,
          shop, nicolae_ossuary_entry_catacombs, minmay_door_square, uniq_robin
D:5:      lemuel_ice_spiral_2, layout_basic, blue_anna_alchemist,
          minmay_misc_feat_iff, st_stairs_5
D:6:      layout_basic
D:7:      layout_basic, eat_drink_and_be_merry_uskayaw,
          minmay_temple_entry_poolview
D:8:      layout_basic, kennysheep_mini, kennysheep_windowed_goal
D:9:      layout_cave_pools, nicolae_tso_swordbearing_angel, erik_lair_dragon,
          orc_0_dummy, enter_bailey_6, serial_shops, shop
Temple:   hellmonk_temple_divided_pantheon
Lair:1:   layout_loops_ring, pond, serial_bayou_shore_a
Lair:2:   layout_chaotic_city, skrybe_swamp_entry_bodies, spider_nest_entry_a,
          gammafunk_ghost_berserking_beasts, gauntlet_entry_generic,
          nicolae_volcano_entry_vermiform, grunt_forest_large_clearing_hut,
          serial_bayou_shore_b, uniq_gastronok

Skill      XL: |  1  2  3  4  5  6  7  8  9 10 11 |
---------------+----------------------------------+-----
Dodging        | 2 3 4 5 6 7 |  7.3
Fighting       | 2 3 4 5 6 8 |  8.6
Unarmed Combat | 4 5 6 8 9 11 | 11.0
Shapeshifting  | 4 5 6 7 |  7.7
Throwing       | 2 3 |  3.0
Invocations    | 2 5 |  5.0
Stealth        | |  0.1
Shields        | |  0.1

Action                     |  1- 3 |  4- 6 |  7- 9 | 10-12 || total
---------------------------+-------+-------+-------+-------++-------
  Melee: Unarmed           |    99 |   191 |   389 |   154 ||   833
         Tailslap          |     9 |    32 |    58 |     9 ||   108
         Punch             |     1 |     6 |    17 |     5 ||    29
         Constrict         |       |       |     3 |    21 ||    24
Ability: Galvanic Breath   |       |       |     2 |     2 ||     4
    Use: Scroll            |       |    10 |     5 |     9 ||    24
         Potion            |       |     1 |     1 |       ||     2
   Stab: Sleeping          |       |     1 |     1 |       ||     2
         Distracted        |       |       |     1 |       ||     1
 Armour: Skin              |    58 |    80 |   221 |   123 ||   482
  Dodge: Dodged            |    73 |    80 |   214 |   108 ||   475
  Block: Other             |    24 |    36 |    54 |       ||   114
         Reflection        |       |       |     2 |       ||     2
   Form: Serpent           |       |       |     2 |     4 ||     6
         Beast             |       |       |     2 |     3 ||     5
                           |       |       |       |     1 ||     1
         Flux              |       |       |       |     1 ||     1

Table legend: (Time is in decaauts)
 A = Elapsed time spent in this place.
 B = Non-inter-level travel time spent in this place.
 C = Inter-level travel time spent in this place.
 D = Time resting spent in this place.
 E = Time spent auto-exploring this place.
 F = Levels seen in this place.
 G = Mean time per level.
                   A        B        C        D        E       F      G
               +--------+--------+--------+--------+--------+-----+--------+
         Total |  13872 |  12977 |    895 |   1616 |   9038 |  13 | 1067.1 |
       Dungeon |  11441 |  10569 |    872 |   1356 |   7411 |   9 | 1271.2 |
        Temple |     36 |     27 |      9 |      0 |      0 |   1 |   36.0 |
          Lair |   2014 |   2000 |     14 |    208 |   1437 |   2 | 1007.0 |
       Ossuary |    380 |    380 |      0 |     52 |    189 |   1 |  380.0 |
               +--------+--------+--------+--------+--------+-----+--------+

Top non-repeatable levels by time:
     D:9: 1934 daAuts
     D:8: 1870 daAuts
  Lair:1: 1740 daAuts
     D:5: 1688 daAuts
     D:4: 1431 daAuts
     D:6: 1110 daAuts
     D:7: 1057 daAuts
     D:1: 934 daAuts
     D:3: 919 daAuts
     D:2: 495 daAuts
 Ossuary: 380 daAuts
  Lair:2: 274 daAuts
  Temple: 36 daAuts
